 Dungeon Crawl Stone Soup version 0.32-a0-306-gfed3edf829 (webtiles) character file.

Game seed: 18418181077222329365

98 Dittersdorf the Trooper (level 4, -7/29 HPs)
             Began as a Gargoyle Fighter on Feb 14, 2024.
             Mangled by an iguana (11 damage)
             ... on level 2 of the Dungeon.
             The game lasted 00:01:10 (1305 turns).

Dittersdorf the Trooper (Gargoyle Fighter)          Turns: 1305, Time: 00:01:11

Health: -7/29      AC: 10    Str: 22    XL:     4   Next: 71%
Magic:  4/4        EV:  9    Int:  8    God:
Gold:   115        SH:  4    Dex:  9    Spells: 3/3 levels left

rFire   . . .        a - +0 flail
rCold   . . .        c - +0 buckler
rNeg    + + .        b - +0 scale mail
rPois   ∞            (no helmet)
rElec   +            (no cloak)
rCorr   .            (no gloves)
SInv    .            (no boots)
Will    .....        o - amulet of faith Stlth
                     i - ring of flight
HPRegen 0.24/turn    n - ring of positive energy
MPRegen 0.09/turn

%: faith
@: flying
A: sickness immunity, AC +3, negative energy resistance 1, electricity
resistance, torment resistance 1, petrification resistance
a: no special abilities


You were on level 2 of the Dungeon.
You visited 1 branch of the dungeon, and saw 2 of its levels.

You collected 115 gold pieces.

Inventory:

Hand Weapons
 a - a +0 flail (weapon)
Armour
 b - a +0 scale mail (worn)
 c - a +0 buckler (worn)
Jewellery
 i - a ring of flight (left hand)
 n - a ring of positive energy (right hand)
 o - an amulet of faith (around neck)
Scrolls
 e - 2 scrolls of identify {unknown}
 k - a scroll of torment {unknown}
 l - a scroll of poison {unknown}
Potions
 d - 2 potions of might
 f - 3 potions of curing {unknown}
 g - a potion of haste {unknown}
 h - a potion of heal wounds {unknown}
 j - a potion of resistance {unknown}
 m - a potion of lignification {unknown}


   Skills:
 + Level 4.1 Fighting
 + Level 2.8 Maces & Flails
 + Level 4.0 Armour
 + Level 4.1 Shields


You had 3 spell levels left.
You didn't know any spells.
Your spell library was empty.

Dungeon Overview and Level Annotations

Branches:
Dungeon (2/15)

Altars:


Innate Abilities, Weirdness & Mutations

You are immune to sickness and miasma.
Your stone body is resilient. (AC +3)
You are immune to poison.
You resist negative energy. (rN+)
You are resistant to electric shocks. (rElec)
You are resistant to unholy torment.
You are immune to petrification.


Message History

* * * LOW HITPOINT WARNING * * *
You are too injured to fight recklessly!
You are too injured to fight recklessly!
You are too injured to fight recklessly!
You are too injured to fight recklessly!
You are too injured to fight recklessly!
You are too injured to fight recklessly!
You are too injured to fight recklessly!
You are too injured to fight recklessly!
You are too injured to fight recklessly!
You are too injured to fight recklessly!
You are too injured to fight recklessly!
You are too injured to fight recklessly!
You are too injured to fight recklessly!
You are too injured to fight recklessly!
You are too injured to fight recklessly!
You are too injured to fight recklessly!
You are too injured to fight recklessly!
You are too injured to fight recklessly!
An iguana is nearby!
You barely miss the iguana.
The iguana is moderately wounded.
The iguana barely misses you.
You barely miss the iguana.
The iguana is moderately wounded.
The iguana barely misses you.
You hit the iguana.
The iguana is moderately wounded.
The iguana barely misses you. x2
You hit the iguana but do no damage.
The iguana is moderately wounded.
The iguana closely misses you.
You hit the iguana but do no damage.
The iguana is moderately wounded.
The iguana bites you.
* * * LOW HITPOINT WARNING * * *
You closely miss the iguana.
The iguana is moderately wounded.
The iguana closely misses you. The iguana bites you!
You die...

....# #≈≈≈##
#........... ##.##
##≈## ####.#######
##.#### ≈#
#.......######
....<.# ##
####.........####
...######
#.##.####..... ##.#
#.# #.##.# #####.
...## #.# #.##.# #.
#.#.###.#
########)##.# #.
.###....#
#..l@.#.#.#.# #.
#.#.#####
#.###..###..########.
#...###### #.##
##..........
.........#
##.###..##..####.
#...####†####.##
#.#.#.# ...... ##.##
#.........
#.##.##...#### #.#
#..####.###.
#.##..#>..#### ##.#
#..#
#.##.#.#.#.#.#.#.
.#.####..# #
#.##.............


You could see an iguana.

Vanquished Creatures
  2 adders (D:2)
  2 dart slugs (D:1)
  A ribbon worm (D:1)
  5 bats
  4 endoplasms
  3 giant cockroaches
  4 hobgoblins
  5 ball pythons
  3 frilled lizards (D:1)
  4 goblins
  5 kobolds (D:1)
  6 rats
44 creatures vanquished.

Notes
Turn   | Place    | Note
-------+----------+-------------------------------------------
     0 | D:1      | Dittersdorf the Gargoyle Fighter began the quest for the
                  | Orb.
     0 | D:1      | Reached XP level 1. HP: 14/14 MP: 1/1
    77 | D:1      | Reached XP level 2. HP: 15/19 MP: 2/2
   223 | D:1      | Reached XP level 3. HP: 23/23 MP: 3/3
   927 | D:2      | Reached XP level 4. HP: 29/29 MP: 4/4
  1305 | D:2      | Mangled by an iguana

Illustrated notes

Levels and vault maps discovered:
D:1:      psy_arrival_fountain, layout_basic, kennysheep_doodads
D:2:      layout_loops_ring, basic_altar, st_stairs_11,
          chequers_serial_rivers_large_a, minmay_domino_2

Skill      XL: |  1  2  3  4 |
---------------+-------------+-----
Fighting       | 4 |  4.1
Shields        | 4 |  4.1
Armour         | 4 |  4.0
Maces & Flails | |  2.8

Action                     |  1- 3 |  4- 6 || total
---------------------------+-------+-------++-------
  Melee: Flail             |    94 |    45 ||   139
 Armour: Scale mail        |    73 |    71 ||   144
  Dodge: Dodged            |    46 |    47 ||    93
  Block: Buckler           |    22 |    15 ||    37

Table legend: (Time is in decaauts)
 A = Elapsed time spent in this place.
 B = Non-inter-level travel time spent in this place.
 C = Inter-level travel time spent in this place.
 D = Time resting spent in this place.
 E = Time spent auto-exploring this place.
 F = Levels seen in this place.
 G = Mean time per level.
                   A        B        C        D        E       F      G
               +--------+--------+--------+--------+--------+-----+--------+
         Total |   1349 |   1275 |     74 |     52 |    909 |   2 |  674.5 |
       Dungeon |   1349 |   1275 |     74 |     52 |    909 |   2 |  674.5 |
               +--------+--------+--------+--------+--------+-----+--------+

Top non-repeatable levels by time:
     D:1: 984 daAuts
     D:2: 365 daAuts
